 Dungeon Crawl Stone Soup version 0.20-a0-256-gabb291d (webtiles) character file.

63 KristoblXynda the Chopper (level 4, -4/42 HPs)
             Began as a Naga Berserker on Dec 1, 2016.
             Was a Follower of Trog.
             Slain by Terence
             ... wielding a +0 flail
              (8 damage)
             ... on level 2 of the Dungeon.
             The game lasted 00:02:24 (1188 turns).

KristoblXynda the Chopper (Naga Berserker)          Turns: 1188, Time: 00:02:25

Health: -4/42      AC:  2    Str: 19    XL:     4   Next: 9%
Magic:  4/4        EV: 10    Int:  8    God:    Trog [*.....]
Gold:   19         SH:  0    Dex: 11    Spells: 3/3 levels left

rFire  . . .     SeeInvis +     a - +0 hand axe
rCold  . . .     Gourm    .     b - +0 animal skin
rNeg   . . .     Faith    .     (no shield)
rPois  +         Spirit   .     (no helmet)
rElec  .         Reflect  .     (no cloak)
rCorr  .         Harm     .     (no gloves)
MR     .....                    (no barding)
Stlth  +.........               (no amulet)
                                (no ring)
                                (no ring)

@: exhausted, short of breath, slowed, very slow
A: see invisible, deformed body, poison resistance, slowness 2, slow metabolism
1, spit poison 1, AC +1
a: Spit Poison, Berserk, Burn Spellbooks, Renounce Religion


You were on level 2 of the Dungeon.
You worshipped Trog.
Trog was aware of your devotion.
You were very hungry.

You visited 1 branch of the dungeon, and saw 2 of its levels.

You collected 19 gold pieces.

Inventory:

Hand Weapons
 a - a +0 hand axe (weapon)
Armour
 b - a +0 animal skin (worn)
Scrolls
 d - 3 scrolls of teleportation {unknown}
Potions
 e - a potion of resistance {unknown}
Comestibles
 c - a bread ration
 f - a meat ration
 g - a royal jelly


   Skills:
 - Level 3.0 Fighting
 * Level 3.9 Axes
 + Level 2.2 Armour
 + Level 2.1 Dodging


You had 3 spell levels left.
You didn't know any spells.

Dungeon Overview and Level Annotations

Branches:
Dungeon (2/15)

Altars:

Annotations:
D:2 Terence


Innate Abilities, Weirdness & Mutations

You cannot wear boots.
Your serpentine skin is tough. (AC +1)
You have supernaturally acute eyesight. (SInv)
Armour fits poorly on your strangely shaped body.
Your system is resistant to poisons. (rPois)
You cover ground very slowly.
You have a slow metabolism.
You can spit poison.


Message History

You have reached level 4!
You feel agile.
You hit Terence but do no damage.
You are no longer berserk.
You are exhausted.
You feel yourself slow down. Terence hits you with a flail.
* * * LOW HITPOINT WARNING * * *
A hobgoblin comes into view.
The hobgoblin shouts!
You hit Terence but do no damage. Terence hits you but does no damage.
You hit Terence but do no damage. Terence barely misses you.
Terence hits you with a flail!
* * * LOW HITPOINT WARNING * * *
Unknown command.
Press: ? - help, Shift-Dir - straight line, f - Terence
Aim: Terence, wielding a flail and wearing a chain mail The splash of poison hits Terence.
Terence is lightly wounded.
You feel slightly more hungry. Terence hits you with a flail!
You die...

..##.# #....#
..##.###...# #.......
..........### ##(.......
#.......(.... ..........
.........## #.........
..........#####..g......
......##............<(..
..#>....#....#.@#.......
....###.#.....$.@)....(.
...## #.#..#......##.###
... .....<......# ...
..##...##........ ..
.....##......## ..
.###.######.#... # ...
#...... ##. .......


You could see Terence and a hobgoblin.

Vanquished Creatures
  3 gnolls (D:2)
  3 dart slugs (D:1)
  A leopard gecko (D:1)
  2 giant cockroaches (D:1)
  3 goblins (D:1)
  3 hobgoblins (D:1)
  A kobold (D:1)
  2 quokkas
  5 bats
  A frilled lizard (D:1)
  2 rats (D:1)
26 creatures vanquished.

Notes
Turn   | Place    | Note
-------+----------+-------------------------------------------
     0 | D:1      | KristoblXynda the Naga Berserker began the quest for the Orb.
     0 | D:1      | Reached XP level 1. HP: 21/21 MP: 1/1
   334 | D:1      | Reached XP level 2. HP: 28/28 MP: 2/2
   647 | D:1      | Reached XP level 3. HP: 24/34 MP: 3/3
  1175 | D:2      | Noticed Terence
  1184 | D:2      | Reached XP level 4. HP: 20/42 MP: 4/4
  1188 | D:2      | Slain by Terence

Vault maps used:
D:1:      eino_arrival_cavern_b
D:2:      chequers_ecumenical_altar_island, uniq_terence

Skill      XL: |  1  2  3 |
---------------+----------+-----
Dodging        | 2 |  2.1
Armour         | 2 |  2.2
Fighting       | |  3.0
Axes           | |  3.9

Action                   |  1- 3 |  4- 6 || total
-------------------------+-------+-------++-------
Melee: Hand axe          |    77 |     3 ||    80
Invok: Berserk           |     1 |       ||     1
 Abil: Spit Poison       |       |     1 ||     1
 Stab: Sleeping          |     1 |       ||     1
Armor: Animal skin       |    20 |       ||    20
Dodge: Dodged            |    54 |     1 ||    55
